 Dungeon Crawl Stone Soup version 0.22-a0-32-ga749362 (webtiles) character file.

61 mopl the Slasher (level 4, 0/23 HPs)
             Began as a Tengu Warper on Jan 3, 2018.
             Killed by the capriciousness of Xom (16 damage)
             ... on level 2 of the Dungeon.
             The game lasted 00:01:53 (1174 turns).

mopl the Slasher (Tengu Warper)                     Turns: 1174, Time: 00:01:55

Health: 0/23       AC:  3    Str: 13    XL:     4   Next: 7%
Magic:  8/8        EV: 12    Int: 13    God:
Gold:   69         SH:  0    Dex: 13    Spells: 3/7 levels left

rFire    . . .     SeeInvis .   a - +0 falchion
rCold    . . .     Gourm    .   (no shield)
rNeg     + . .     Faith    .   b - +0 leather armour
rPois    +         Spirit   .   (helmet restricted)
rElec    .         Reflect  .   (no cloak)
rCorr    .         Harm     .   (no gloves)
MR       .....                  (boots unavailable)
Stlth    +.........             (no amulet)
HPRegen  0.07/turn              g - ring of positive energy
MPRegen  0.11/turn              (no ring)

@: no status effects
A: beak, talons 3, blurry vision 2, frail 1, poison resistance
a: no special abilities


You were on level 2 of the Dungeon.
You were not hungry.

You visited 1 branch of the dungeon, and saw 2 of its levels.

You collected 69 gold pieces.

Inventory:

Hand Weapons
 a - a +0 falchion (weapon)
Missiles
 e - 5 tomahawks of dispersal (quivered)
 h - 67 stones
Armour
 b - a +0 leather armour (worn)
Jewellery
 g - a ring of positive energy (left hand)
Scrolls
 d - a scroll of blinking
 i - a scroll of random uselessness {unknown}
 m - 2 scrolls of teleportation {unknown}
 n - 3 scrolls of identify {unknown}
 o - a scroll of magic mapping {unknown}
 p - a scroll of remove curse {unknown}
Potions
 j - a potion of degeneration {unknown}
 k - a potion of curing {unknown}
 l - a potion of flight {unknown}
 q - 2 potions of heal wounds {unknown}
Books
 c - a book of Spatial Translocations

   Spells                             Type                      Level
   a - Blink                          Translocation                2
   b - Shroud of Golubria             Charms/Translocation         2
   c - Lesser Beckoning               Translocation                3
   d - Gell's Gravitas                Translocation                3
   e - Teleport Other                 Translocation                3
   f - Passage of Golubria            Translocation                4
Comestibles
 f - 3 rations
 r - 3 chunks of flesh


   Skills:
 - Level 2.0 Fighting
 + Level 4.6 Long Blades
 - Level 1.0 Throwing
 - Level 1.1 Armour
 - Level 2.1 Dodging
 - Level 2.0 Spellcasting
 - Level 2.4 Translocations


You had 3 spell levels left.
You knew the following spells:

 Your Spells              Type           Power        Failure   Level  Hunger
e - Blink                 Tloc           N/A          19%         2    ###....
f - Shroud of Golubria    Chrm/Tloc      #.........   30%         2    ###....


Dungeon Overview and Level Annotations

Branches:
Dungeon (2/15)

Altars:
Xom


Innate Abilities, Weirdness & Mutations

You have a beak for a mouth.
You have claws for feet.
Scrolls take you longer to read.
You are frail. (-10% HP)
Your system is resistant to poisons. (rPois)


Message History

The goblin barely misses you.
You hit the goblin.
You kill the goblin!
q - 2 blue potions (gained 1)
n - 3 scrolls labeled UCIENW XUSH (gained 1)
h - 67 stones (gained 13)
Items here: )) [ † a dagger; a ring mail; a dagger; a goblin corpse You butcher the goblin corpse.
r - 4 chunks of flesh (gained 1)
Things that are here:
a dagger; a ring mail; a dagger You start resting.
Eating one of 4 chunks of flesh.
You eat one of the 4 chunks of flesh.
This raw flesh tastes terrible.
Xom's attention turns to you for a moment.
You are caught in an explosion of ice and frost!
The explosion engulfs you!
Ouch! That really hurt!
You die...

.......# ###.#...##.
...##### #.......##.
##.# #.#.##..##. #.#
...(........ #.#
#####.##..### #.#
#.........# #.#
#########.#.....#.#
##.#
#.().(.........)#.#
...#
#†##@#....#.....#.#
<..#
#.#.÷(.#####...>#.#
...# ..........(#
##.....# #..#
.##.#.......#######...#
#..#
....................#
#..#
##.#.......#######..##
#.#. #.##.....##
#####..# #.... .
##....####......##
#####. #
.....##......)..##


There were no monsters in sight!

Vanquished Creatures
  2 adders (D:2)
  An ooze (D:2)
  A worm (D:2)
  A dart slug (D:1)
  An orc (D:2)
  3 giant cockroaches
  6 goblins
  A hobgoblin (D:2)
  6 kobolds
  2 quokkas (D:2)
  3 bats
  A frilled lizard (D:1)
  5 rats
33 creatures vanquished.

Notes
Turn   | Place    | Note
-------+----------+-------------------------------------------
     0 | D:1      | mopl the Tengu Warper began the quest for the Orb.
     0 | D:1      | Reached XP level 1. HP: 12/12 MP: 4/4
   253 | D:1      | Reached XP level 2. HP: 17/17 MP: 6/6
   261 | D:1      | Learned a level 2 spell: Blink
   264 | D:1      | Learned a level 2 spell: Shroud of Golubria
   303 | D:1      | Reached skill level 3 in Long Blades
   589 | D:2      | Found a faded altar of an unknown god.
   595 | D:2      | Reached XP level 3. HP: 21/21 MP: 7/7
   605 | D:2      | Became a worshipper of Xom the Fickle
   606 | D:2      | Fell from the grace of Xom
   644 | D:2      | Reached skill level 4 in Long Blades
   802 | D:2      | XOM: medium Pois miscast
   921 | D:2      | XOM: give mutations
   921 | D:2      | Gained mutation: Scrolls take you a little longer to read. [Xom's mischief]
   921 | D:2      | Gained mutation: You are frail. (-10% HP) [Xom's mischief]
   921 | D:2      | Gained mutation: Scrolls take you longer to read. [Xom's mischief]
   921 | D:2      | Gained mutation: Your system is resistant to poisons. (rPois) [Xom's mischief]
   984 | D:2      | Reached XP level 4. HP: 7/23 MP: 8/8
  1174 | D:2      | XOM: medium Ice miscast
  1174 | D:2      | Killed by the capriciousness of Xom

Vault maps used:
D:1:      minmay_arrival_doors, minmay_misc_feat_rows
D:2:      chequers_ecumenical_altar_simple

Skill      XL: |  1  2  3 |
---------------+----------+-----
Long Blades    | 3 4 |  4.6
Fighting       | |  2.0
Throwing       | |  1.0
Armour         | |  1.1
Dodging        | |  2.1
Spellcasting   | |  2.0
Translocations | |  2.4

Action                   |  1- 3 |  4- 6 || total
-------------------------+-------+-------++-------
Melee: Falchion          |    82 |    10 ||    92
       Kick              |    15 |     5 ||    20
       Peck              |    12 |     2 ||    14
Invok: Renounce Religion |     1 |       ||     1
  Eat: Chunk             |       |     1 ||     1
Armor: Leather armour    |    29 |     2 ||    31
Dodge: Dodged            |    61 |     7 ||    68
       Rpst.: Falchion   |    21 |     2 ||    23

Table legend:
 A = Spawn XP
 B = Non-spawn XP
 C = Spawn XP percentage of total XP
 D = Spawn monster count
 E = Non-spawn monster count
 F = Spawn count percentage of total count
 G = Total turns spent on level
                    A         B        C        D         E        F      G
               +---------+---------+-------+---------+---------+-------+---------
         Total |       0 |      88 |   0.0 |       0 |      33 |   0.0 |  1174
               +---------+---------+-------+---------+---------+-------+---------
           D:1 |       0 |      18 |   0.0 |       0 |      10 |   0.0 |   542
           D:2 |       0 |      70 |   0.0 |       0 |      23 |   0.0 |   632
               +---------+---------+-------+---------+---------+-------+---------
